Map: [ESL] Babylon

Players

ByuN

  • Race: Terran Terran

Serral - Winner!

  • Race: Zerg Zerg

Event: IEM Katowice 2023

VOD

Have the link to the VOD?

Description

Time

  • Played on: Feb. 11, 2023, 11:11 a.m.
  • Length: 13:19

All games in this series

Show
View Real Time Build Order
Export as new Build Order

ByuN Terran 

Build Orders: Command Center First (CC), Hellion Opening 

Get SALT Encoding   

  12  0:00  SCV  
  13  0:12  SCV  
  14  0:17  Supply Depot  
  14  0:24  SCV  
  15  0:38  SCV  
  16  0:50  SCV  
  17  0:59  Command Center  
  17  1:03  SCV  
  18  1:12  Barracks  
  18  1:15  SCV  
  19  1:20  Refinery  
  19  1:27  SCV  
  19  1:29  Refinery  
  20  1:39  SCV  
  21  1:52  SCV  
  22  1:59  Marine  
  23  2:04  Orbital Command  
  23  2:07  Factory  
  23  2:14  Orbital Command  
  23  2:18  Barracks Reactor  
  23  2:29  SCV  
  24  2:40  SCV  
  24  2:41  SCV  
  26  2:55  SCV x2, Starport  
  28  3:00  Hellion x2  
  28  3:02  Supply Depot  
  28  3:05  Barracks Tech Lab  
  32  3:07  SCV x2  
  34  3:15  Supply Depot  
  34  3:19  SCV x2  
  36  3:21  Hellion  
  36  3:24  Hellion  
  36  3:25  Marauder  
  42  3:32  Viking  
  44  3:35  SCV x2  
  44  3:39  Supply Depot  
  46  3:43  Hellion  
  46  3:45  Hellion  
  46  3:46  Marauder  
  46  3:48  Concussive Shells  
  52  3:51  SCV x2  
  54  3:58  Armory  
  35  4:02  Medivac  
  54  4:04  Supply Depot  
  56  4:10  Hellion x2  
  56  4:12  Marauder  
  62  4:26  SCV x2  
  64  4:34  Marauder  
  64  4:35  Command Center, Supply Depot  
  68  4:38  SCV x2  
  68  4:39  Medivac, Stimpack  
  70  4:50  SCV x2  
  70  5:02  SCV x2  
  70  5:05  Marine  
  67  5:07  Barracks  
  67  5:11  Factory Reactor, Liberator  
  67  5:12  Barracks  
  70  5:14  SCV  
  70  5:15  SCV  
  70  5:16  Engineering Bay  
  70  5:17  Engineering Bay  
  72  5:26  SCV  
  72  5:28  Marine  
  74  5:30  SCV  
  74  5:34  Refinery  
  73  5:36  Refinery  
  73  5:39  SCV  
  73  5:42  SCV  
  75  5:44  Terran Infantry Armor Level 1, Terran Infantry Weapons Level 1  
  75  5:45  Marine  
  75  5:49  Barracks  
  76  5:51  Barracks, SCV  
  76  5:54  SCV  
  78  5:57  Starport Reactor  
  78  5:58  Orbital Command  
  78  6:03  Marine, SCV  
  80  6:06  SCV  
  80  6:09  Marine  
  82  6:11  Marine  
  82  6:12  Marine x2  
  82  6:15  SCV  
  86  6:18  SCV  
  86  6:21  Marine  
  86  6:22  Factory Tech Lab  
  88  6:27  Marine, SCV  
  88  6:29  Marine  
  88  6:30  Marine x2, SCV  
  92  6:35  Orbital Command  
  92  6:39  SCV  
  93  6:40  Barracks Reactor x2  
  93  6:45  Marine x2, Medivac, Siege Tank  
  101  6:49  Supply Depot  
  101  6:51  Supply Depot x2  
  101  6:52  SCV  
  101  7:03  Medivac, SCV  
  101  7:08  Armory  
  101  7:10  Marine x4, Supply Depot  
  101  7:11  SCV x2  
  101  7:14  Supply Depot  
  107  7:15  SCV  
  107  7:20  Supply Depot  
  107  7:21  Marine x4  
  107  7:22  Marine, Siege Tank  
  116  7:25  SCV  
  116  7:26  SCV  
  116  7:28  SCV  
  119  7:33  Refinery  
  119  7:34  Refinery  
  119  7:38  SCV x2  
  119  7:40  SCV  
  119  7:41  Marine x6  
  119  7:42  Marine x3  
  131  7:47  Supply Depot  
  131  7:50  SCV  
  132  7:56  Medivac  
  132  7:57  Medivac  
  136  7:58  SCV  
  136  7:59  Terran Infantry Weapons Level 2, SCV  
  136  8:02  Marine x4, Sensor Tower, SCV  
  136  8:03  Command Center  
  136  8:04  Marine  
  144  8:07  Combat Shield  
  144  8:11  Marine x2  
  144  8:12  Marine x2  
  145  8:17  Siege Tank  
  145  8:19  Marine  
  148  8:20  Marine x2  
  148  8:21  Terran Infantry Armor Level 2  
  148  8:25  Terran Vehicle Weapons Level 1  
  148  8:26  Medivac  
  153  8:29  Marine x2  
  153  8:32  Factory  
  155  8:37  Marine  
  155  8:39  Marine x6  
  160  8:49  Siege Tank, Marine  
  160  8:50  Marine  
  165  8:58  Marine, Supply Depot  
  165  9:00  Marine x2, Supply Depot  
  165  9:03  Marine x2  
  165  9:04  Marine x2  
  165  9:14  Marine x2  
  165  9:15  Marine  
  168  9:17  Marine x2, Factory Reactor  
  168  9:21  Marine x2, Siege Tank  
  168  9:22  Marine x2  
  168  9:23  Barracks x2  
  177  9:30  Barracks  
  177  9:32  Marine x2  
  177  9:33  Marine  
  177  9:35  Marine x2  
  176  9:41  Marauder  
  176  9:43  Marine, Drilling Claws  
  179  9:53  Marine, Siege Tank  
  179  9:54  Marine  
  179  9:55  Marine x4  
  185  10:02  Marauder  
  185  10:04  SCV x2  
  185  10:05  Orbital Command, SCV  
  190  10:08  Ghost Academy  
  188  10:25  Barracks Tech Lab x2  
  188  10:26  Barracks Tech Lab  
  180  10:28  Ghost Academy  
  180  10:29  Marine  
  180  10:31  Widow Mine, Marauder  
  180  10:35  Terran Infantry Weapons Level 3  
  157  10:43  Medivac x2  
  157  10:44  SCV x2  
  157  10:45  SCV x2  
  163  10:52  Siege Tank, Marauder  
  163  10:55  Widow Mine  
  163  10:56  Widow Mine  
  164  10:57  SCV  
  164  11:03  Ghost x2  
  164  11:04  Ghost  
  164  11:06  SCV x3  
  170  11:13  Ghost  
  172  11:20  Refinery  
  172  11:21  Refinery  
  163  11:31  Marine  
  163  11:32  Ghost x3  
  155  11:41  Ghost  
  156  11:51  Siege Tank  
  156  11:53  Marine x3  
  160  11:55  Marine  
  160  12:01  Marauder x3  
  151  12:11  Marauder  
  147  12:21  SCV  
  147  12:22  Ghost x2  
  135  12:23  Siege Tank, Marauder  
  135  12:26  Marine  
  135  12:31  Ghost  
  135  12:35  Orbital Command  
  135  12:36  Marine x4  
  133  12:39  SCV x2  
  135  12:44  Marauder  
  132  12:51  Marauder, SCV  
  132  12:54  SCV  
  132  12:57  Marauder  
Show
View Real Time Build Order
Export as new Build Order

Serral Zerg - Winner!

Build Orders: Pool First, Lurkers 

Get SALT Encoding   

  12  0:00  Drone  
  13  0:12  Overlord  
  13  0:16  Drone  
  14  0:30  Drone x2  
  14  0:34  Drone  
  17  0:44  Spawning Pool  
  17  0:46  Drone  
  17  1:07  Hatchery  
  17  1:09  Drone  
  17  1:12  Extractor  
  17  1:14  Drone  
  17  1:18  Drone  
  18  1:31  Queen  
  18  1:32  Zergling x2  
  21  1:38  Overlord  
  21  1:54  Drone  
  22  2:04  Drone  
  22  2:07  Queen  
  25  2:10  Drone  
  26  2:17  Hatchery  
  26  2:20  Drone  
  26  2:23  Drone  
  26  2:29  Drone  
  28  2:32  Drone  
  29  2:39  Drone  
  29  2:40  Queen  
  29  2:43  Drone  
  33  2:52  Overlord  
  33  2:53  Drone  
  33  2:54  Drone  
  33  2:56  Drone  
  35  3:01  Overlord  
  35  3:06  Roach Warren  
  35  3:08  Drone  
  35  3:14  Drone  
  35  3:15  Drone  
  35  3:17  Drone  
  35  3:18  Drone x2  
  40  3:24  Drone  
  41  3:27  Overlord  
  41  3:29  Queen  
  43  3:37  Overlord  
  43  3:48  Roach x3  
  49  3:52  Roach x4  
  49  3:55  Roach  
  59  3:57  Roach  
  61  4:03  Roach  
  61  4:05  Queen  
  61  4:09  Overlord  
  65  4:10  Drone  
  65  4:12  Overlord  
  65  4:14  Drone  
  67  4:23  Overlord  
  67  4:28  Drone x6  
  73  4:31  Drone x2  
  73  4:35  Overlord  
  73  4:36  Drone  
  73  4:37  Drone  
  77  4:38  Drone  
  77  4:40  Drone  
  77  4:42  Drone  
  77  4:43  Drone  
  77  4:45  Drone  
  74  4:53  Roach x2  
  74  4:56  Roach  
  74  4:58  Extractor  
  74  4:59  Roach x3  
  73  5:08  Roach, Spore Crawler  
  73  5:09  Drone x2, Spore Crawler  
  73  5:10  Queen  
  77  5:17  Drone x6  
  83  5:21  Overlord  
  83  5:25  Roach  
  85  5:29  Overlord  
  85  5:30  Overlord  
  85  5:32  Roach  
  85  5:33  Drone x3  
  90  5:36  Extractor  
  90  5:38  Extractor  
  90  5:39  Zergling x2  
  87  5:46  Extractor  
  87  5:47  Extractor  
  87  5:49  Lair  
  86  5:50  Drone x4  
  86  5:51  Drone  
  86  5:52  Drone  
  86  5:55  Hatchery  
  90  5:57  Drone x4  
  94  6:07  Evolution Chamber  
  94  6:08  Drone x2, Evolution Chamber  
  94  6:09  Drone x2  
  94  6:10  Drone  
  97  6:14  Overlord  
  97  6:15  Overlord  
  97  6:21  Drone  
  97  6:29  Drone  
  97  6:30  Roach  
  97  6:31  Roach x4  
  104  6:39  Zerg Missile Weapons Level 1, Zerg Ground Armor Level 1  
  104  6:46  Glial Reconstitution  
  104  6:48  Queen x2  
  104  6:49  Queen  
  104  6:50  Infestation Pit, Roach  
  104  6:51  Roach x3, Overseer  
  104  6:52  Drone x2  
  104  6:53  Drone  
  120  6:56  Overlord  
  120  6:58  Drone  
  120  6:59  Drone  
  120  7:00  Drone x2  
  124  7:06  Metabolic Boost  
  124  7:08  Drone  
  125  7:09  Roach x3  
  125  7:10  Roach  
  125  7:13  Extractor x2, Overlord  
  131  7:17  Zergling x4  
  131  7:20  Overlord  
  133  7:23  Zergling x6  
  133  7:27  Hive  
  133  7:29  Hydralisk Den  
  135  7:31  Overlord  
  135  7:33  Drone  
  135  7:34  Drone  
  137  7:38  Drone x2  
  137  7:39  Overlord  
  137  7:43  Overlord  
  139  7:44  Drone x3  
  139  7:45  Zergling x4  
  139  7:47  Overlord  
  139  7:50  Ravager x3  
  147  7:54  Roach x2, Zergling x2  
  152  7:59  Zergling x8  
  156  8:07  Lurker Den  
  156  8:10  Roach x2, Zergling x12  
  156  8:15  Drone x3  
  160  8:20  Drone  
  160  8:22  Drone x3  
  163  8:28  Overlord  
  163  8:29  Overlord x3  
  163  8:31  Drone  
  163  8:34  Overlord  
  163  8:35  Zergling x8  
  163  8:38  Overlord  
  167  8:42  Overlord  
  167  8:46  Viper  
  167  8:47  Viper  
  167  8:48  Hydralisk x3  
  168  8:53  Hydralisk x2  
  168  8:54  Hydralisk  
  180  9:02  Roach x4, Zergling x4  
  186  9:06  Roach x2  
  186  9:08  Seismic Spines  
  190  9:13  Lurker  
  190  9:14  Lurker x2  
  193  9:19  Lurker x3  
  193  9:23  Zerg Ground Armor Level 2, Zerg Melee Weapons Level 1  
  196  9:37  Zergling x10  
  199  9:43  Hatchery  
  197  10:00  Hydralisk  
  197  10:03  Overlord  
  197  10:05  Adaptive Talons  
  199  10:08  Spore Crawler  
  199  10:09  Hydralisk  
  199  10:10  Spore Crawler  
  191  10:22  Hydralisk x3  
  191  10:23  Zergling x14  
  193  10:29  Roach x5  
  180  10:39  Extractor, Hydralisk x10  
  191  10:55  Lurker x3  
  191  10:56  Lurker x2  
  196  11:10  Lurker  
  196  11:11  Lurker x7  
  198  11:15  Overseer  
  198  11:18  Hatchery  
  195  11:39  Hatchery  
  181  11:43  Hydralisk x4  
  181  11:46  Pneumatized Carapace  
  189  11:48  Overseer  
  189  11:51  Spawning Pool  
  189  11:53  Spawning Pool, Roach x7  
  189  11:54  Roach x2  
  197  12:02  Overseer  
  194  12:16  Overseer  
  191  12:25  Hydralisk x5  
  192  12:35  Hydralisk x7  
  200  12:43  Baneling Nest  
  196  12:45  Zergling x12  
  197  12:51  Lurker x2  
  197  12:55  Overseer  

Tags
 
Add a new tag
Caveats
  • Supply blocks, unpowered buildings, or Contaminate may cause inaccurate times.
  • Supply counts are checked every 10 seconds.